 Dungeon Crawl Stone Soup version 0.29.1-1-gd02db6906a (webtiles) character file.

Game seed: 8247443967348554291

48 Earthwalker the Shield-Bearer (level 3, -3/33 HPs)
             Began as a Minotaur Fighter on Oct 14, 2022.
             Slain by Sigmund
             ... wielding a +0 scythe
              (6 damage)
             ... on level 2 of the Dungeon.
             The game lasted 00:03:06 (1655 turns).

Earthwalker the Shield-Bearer (Minotaur Fighter)    Turns: 1655, Time: 00:03:07

Health: -3/33      AC:  7    Str: 22    XL:     3   Next: 50%
Magic:  2/2        EV:  9    Int:  5    God:
Gold:   55         SH:  8    Dex:  9    Spells: 2/2 levels left

rFire   + . .      SeeInvis .   a - +0 trident
rCold   + + .      Faith    .   l - +0 kite shield
rNeg    . . .      Spirit   .   m - +2 ring mail {rC+}
rPois   .          Reflect  .   (helmet restricted)
rElec   .          Harm     .   (no cloak)
rCorr   .          Rampage  .   (no gloves)
Will    .....                   (no boots)
Stlth   ..........              (no amulet)
HPRegen 0.11/turn               e - ring of protection from fire
MPRegen 0.08/turn               h - ring of protection from cold

@: no status effects
A: horns 2, retaliatory headbutt
a: no special abilities


You were on level 2 of the Dungeon.
You visited 1 branch of the dungeon, and saw 2 of its levels.

You collected 55 gold pieces.

Inventory:

Hand Weapons
 a - a +0 trident (weapon)
Missiles
 i - 2 poisoned darts (quivered)
Armour
 b - a +0 scale mail
 c - a +0 buckler
 l - a +0 kite shield (worn)
 m - a +2 ring mail of cold resistance (worn)
Jewellery
 e - a ring of protection from fire (left hand)
 h - a ring of protection from cold (right hand)
Scrolls
 f - 4 scrolls of identify {unknown}
 k - a scroll of amnesia {unknown}
 n - 2 scrolls of blinking {unknown}
 o - a scroll of silence {unknown}
Potions
 d - 5 potions of might
 g - 3 potions of curing {unknown}
 j - a potion of brilliance {unknown}


   Skills:
 * Level 4.0 Fighting
 * Level 3.1 Polearms
 * Level 4.1 Armour
 * Level 1.0 Dodging
 * Level 4.1 Shields


You had 2 spell levels left.
You didn't know any spells.
Your spell library was empty.

Dungeon Overview and Level Annotations

Branches:
Dungeon (2/15)

Altars:

Annotations:
D:2 Sigmund


Innate Abilities, Weirdness & Mutations

You have a pair of horns on your head.
You reflexively headbutt those who attack you in melee.


Message History

You are confused.
You hit Sigmund. You headbutt Sigmund!
Sigmund is almost dead.
Sigmund drinks a potion.
Sigmund is healed!
Sigmund hits you but does no damage.
You're too confused to move!
You closely miss Sigmund.
Sigmund is lightly wounded.
Sigmund hits you but does no damage.
You're too confused to move!
Sigmund points at you and mumbles some strange words.
You are more confused.
You hit Sigmund.
Sigmund is moderately wounded.
Sigmund hits you with a +0 scythe.
You puncture Sigmund!
Sigmund is heavily wounded.
Sigmund hits you but does no damage.
You closely miss Sigmund.
Sigmund is heavily wounded.
Sigmund gestures at you while chanting. The puff of flame hits you. You resist.
Sigmund hits you but does no damage.
You miss Sigmund.
Sigmund is heavily wounded.
Sigmund gestures wildly while chanting.
Sigmund flickers and vanishes!
Deactivating autopickup; reactivate with Ctrl-A.
You miss something. Something hits you.
* * * LOW HITPOINT WARNING * * *
You bump into the rock wall.
You hear some strange, mumbled words.
A magic dart appears from out of thin air!
The magic dart hits you!
* * * LOW HITPOINT WARNING * * *
You feel less confused. You block something's attack.
You barely miss something. You puncture something! Something hits you.
You die...

#.#
#.......#
#
######.##
#.# #.#
#(#
####.#
#[...#
#.#{.#
#..@##
##(## #.
.( ###


There were no monsters in sight!

Vanquished Creatures
  A worm (D:2)
  2 dart slugs (D:1)
  2 ball pythons
  4 endoplasms
  3 giant cockroaches (D:1)
  2 goblins (D:1)
  3 hobgoblins (D:1)
  4 jackals (D:1)
  2 bats
  3 frilled lizards
  7 kobolds
  7 rats
40 creatures vanquished.

Notes
Turn   | Place    | Note
-------+----------+-------------------------------------------
     0 | D:1      | Earthwalker the Minotaur Fighter began the quest for the
                  | Orb.
     0 | D:1      | Reached XP level 1. HP: 19/19 MP: 0/0
   211 | D:1      | Reached XP level 2. HP: 27/27 MP: 1/1
   552 | D:1      | Reached skill level 1 in Dodging
   552 | D:1      | Reached XP level 3. HP: 29/33 MP: 2/2
  1632 | D:2      | Noticed Sigmund
  1655 | D:2      | Slain by Sigmund

Illustrated notes

Levels and vault maps discovered:
D:1:      tarquinn_simple_flora_water_a, layout_basic, minmay_misc_feat_doors,
          nicolae_eternal_life
D:2:      layout_loops_cross, uniq_sigmund

Skill      XL: |  1  2  3 |
---------------+----------+-----
Shields        | 4 |  4.1
Fighting       | 4 |  4.0
Armour         | 4 |  4.1
Dodging        | 1 |  1.0
Polearms       | 3 |  3.1

Action                   || total
-------------------------++-------
Melee: Trident           ||   101
       Headbutt          ||    12
Throw: Dart              ||     3
Armor: Scale mail        ||    16
       Ring mail         ||    10
Dodge: Dodged            ||    29
Block: Buckler           ||    10
       Kite shield       ||     9
